 Dungeon Crawl Stone Soup version 0.27.1-34-g3ba077fa99 (webtiles) character file.

Game seed: 12106725984648129659

6700 belegose the Thrower (level 10, -5/104 HPs)
             Began as a Troll Arcane Marksman on Jan 10, 2022.
             Was a Follower of Ashenzari.
             Slain by a vampire (11 damage)
             ... on level 10 of the Dungeon.
             The game lasted 00:28:53 (7925 turns).

belegose the Thrower (Troll Arcane Marksman)        Turns: 7925, Time: 00:28:53

Health: -5/104     AC: 11    Str: 20    XL:     10   Next: 74%
Magic:  11/11      EV:  7    Int: 12    God:    Ashenzari [*.....]
Gold:   86         SH: 10    Dex: 10    Spells: 11/12 levels left

rFire    . . .     SeeInvis .     - Unarmed
rCold    . . .     Faith    .   B - +2 kite shield
rNeg     . . .     Spirit   .   h - +0 steam dragon scales
rPois    +         Reflect  .   (helmet restricted)
rElec    .         Harm     .   C - +2 cloak of the Celestial Activism {rPois, Comp, Self} (curse)
rCorr    .         Rampage  .   (gloves unavailable)
Will     .....                  (boots unavailable)
Stlth    +.........             w - amulet of magic regeneration
HPRegen  1.27/turn              q - ring of flight
MPRegen  0.37/turn              r - ring of the Fated Insecurity {rPois, Bglg, Melee} (curse)

@: mighty, flying, studying Armour
A: large, unfitting armour, claws 3, regeneration 1, shaggy fur 1, tough skin 1
a: Renounce Religion, Shatter the Chains


You were on level 10 of the Dungeon.
You worshipped Ashenzari.
Ashenzari was aware of your devotion.
You visited 2 branches of the dungeon, and saw 11 of its levels.

You collected 492 gold pieces.
You spent 406 gold pieces at shops.

Inventory:

Hand Weapons
 a - the +6 hunting sling of Zomealel {freeze, *Corrode rN++}
   (You took it off an orc priest on level 7 of the Dungeon)

   Any ammunition fired from it freezes those it strikes, dealing additional
   cold damage.
   It can also slow down cold-blooded creatures.
   rN:        It greatly protects you from negative energy.
   *Corrode:  It may corrode you when you take damage.
 k - a +3 war axe
 u - a +0 whip of electrocution
Missiles
 b - a large rock (quivered)
 c - 3 throwing nets
 f - 59 poisoned darts
 n - 275 stones
Armour
 h - +0 steam dragon scales (worn)
 B - a +2 kite shield (worn)
 C - the cursed +2 cloak of the Celestial Activism (worn) {rPois, Comp, Self}
   (You bought it in a shop on level 10 of the Dungeon)

   It has a curse which improves the following skills: Companions: Summonings
   and Necromancy.
   Introspection: Fighting and Spellcasting.
Magical Staves
 i - a staff of air
 s - a staff of fire
Jewellery
 q - a ring of flight (left claw)
 r - the cursed ring of the Fated Insecurity (right claw) {rPois, Bglg, Melee}
   (You took it off an orc wizard on level 4 of the Dungeon)

   [ring of poison resistance]

   rPois:     It protects you from poison.
   It has a curse which improves the following skills: Beguiling: Conjurations,
   Hexes and Translocations.
   Melee Combat: Short Blades, Long Blades, Axes, Maces & Flails, Polearms,
   Staves and Unarmed Combat.
 w - an amulet of magic regeneration (around neck)
 x - a ring of fire
Wands
 A - a wand of polymorph (12)
Scrolls
 g - a scroll of holy word
 j - 2 scrolls of enchant armour
 m - 4 scrolls of enchant weapon
 t - a scroll of brand weapon
 v - a scroll of magic mapping
 y - a scroll of summoning
Potions
 d - a potion of magic
 e - 2 potions of heal wounds
 o - a potion of haste
 p - a potion of curing
 z - a potion of might


   Skills:
 - Level 7.2(8.2) Fighting
 - Level 4.6(5.6) Maces & Flails
 - Level 8.1 Throwing
 + Level 5.2 Armour
 - Level 1.5 Dodging
 + Level 2.1 Shields
 + Level 7.3(8.3) Unarmed Combat
 - Level 1.0(1.5) Spellcasting
 - Level 2.0(2.8) Hexes


You had 11 spell levels left.
You knew the following spells:

 Your Spells              Type           Power      Damage    Failure   Level
a - Corona                Hex            7%         N/A       36%         1

Your spell library contained the following spells:

 Spells                   Type           Power      Damage    Failure   Level
 Slow                     Hex            7%         N/A       52%         2
 Pain                     Necr           4%         1d4       75%         1
 Sublimation of Blood     Necr           0%         N/A       87%         2
 Wereblood                Tmut           0%         N/A       88%         2
 Portal Projectile        Hex/Tloc       8%         N/A       90%         3
 Inner Flame              Hex/Fire       4%         N/A       91%         3
 Ozocubu's Armour         Ice            0%         N/A       98%         3
 Stone Arrow              Conj/Erth      2%         3d7       98%         3
 Cause Fear               Hex            3%         N/A       98%         4
 Animate Armour           Summ/Erth      2%         N/A       100%        4
 Agony                    Necr           1%         N/A       100%        5
 Excruciating Wounds      Necr           0%         N/A       100%        5
 Ozocubu's Refrigeration  Ice            0%         4d5       100%        7
 Summon Hydra             Summ           0%         N/A       100%        7
 Lehudib's Crystal Spear  Conj/Erth      0%         10d2      100%        8


Dungeon Overview and Level Annotations

Branches:
Dungeon (10/15)            Temple (1/1) D:6             Orc (0/2) D:10
   Lair: D:8-11

Altars:
Ashenzari
Dithmenos
Elyvilon
Kikubaaqudgha
Okawaru
Qazlal
Ru
Vehumet
Wu Jian
Xom
The Shining One

Shops:
D:10 [[**

Annotations:
D:8 Harold


Innate Abilities, Weirdness & Mutations

You are too large for most types of armour.
You have claws for hands.
Your natural rate of healing is unusually fast.
You are covered in fur. (AC +1)
You have tough skin. (AC +1)


Message History

The vampire throws a stone.
The stone hits you but does no damage.
The vampire hits you but does no damage.
The vampire bites you!
* * * LOW HITPOINT WARNING * * *
The vampire draws strength from your injuries!
Unknown command.
You are too confused!
You feel better.
The vampire gestures wildly while chanting.
The vampire flickers and vanishes!
Deactivating autopickup; reactivate with Ctrl-A.
You feel much better. Something hits you. Something bites you!
Something draws strength from your injuries!
You feel very mighty all of a sudden. Something hits you.
You block something's attack.
Unknown command.
You closely miss something. Something hits you. You block something's attack.
You miss something. Something hits you! Something bites you but does no damage.
You miss something. Something hits you! Something bites you!
Something draws strength from your injuries!
You scratch something but do no damage. Something hits you but does no damage.
Something bites you!
* * * LOW HITPOINT WARNING * * *
Something draws strength from your injuries!
You claw something! Something hits you!
* * * LOW HITPOINT WARNING * * *
Something bites you.
* * * LOW HITPOINT WARNING * * *
Something draws strength from your injuries!
You scratch something but do no damage. Something hits you.
* * * LOW HITPOINT WARNING * * *
Something bites you!
* * * LOW HITPOINT WARNING * * *
Something draws strength from your injuries!
You scratch something. Something hits you but does no damage.
Something bites you.
* * * LOW HITPOINT WARNING * * *
Something draws strength from your injuries!
You miss something. Something hits you but does no damage. Something bites you!
You die...

♣....## { ## ♣.♣.≈≈## #. ♣ ..
♣..≈≈≈≈### .. ♣. ♣.. .....
....≈≈≈≈.♣ . ♣.♣♣... #....
♣...♣≈≈♣.♣ .♣..(....' '....
#♣♣♣♣♣♣.♣♣♣ ♣♣.♣......#...#....
♣♣♣##♣♣...♣###♣.........#...#.(..
........................#...#....
................@................
...............{.......P.# #...
.......................⌠.# {#...
.......................P.# {#...
....#####.........(.(....# {#...
....'...#########'###.#+## #..#
....#...... .........# #..# ....#
..... .........# #..# ....#
...[...........# #..#


There were no monsters in sight!

Vanquished Creatures
  2 two-headed ogres (D:9)
  Pikel (D:4)
  A troll (D:9)
  Prince Ribbit (D:7)
  A wraith (D:6)
  3 steam dragons
  2 water moccasins (D:7)
  4 sky beasts
  3 orc warriors
  2 ice beasts
  2 necrophages (D:5)
  An ogre (D:7)
  A centaur (D:7)
  2 lemures (D:3)
  A kobold brigand (D:10)
  Blork the orc (D:4)
  4 bullfrogs
  A scorpion (D:5)
  2 wyvern skeletons
  3 wights (D:10)
  19 killer bees (D:10)
  4 howler monkeys
  3 centaur zombies
  A bullfrog zombie (D:6)
  3 hounds
  5 orc priests
  2 centaur skeletons
  A bullfrog skeleton (D:6)
  A gnoll shaman (D:9)
  2 iguanas
  4 orc wizards
  A hound zombie (D:5)
  2 howler monkey zombies
  A howler monkey skeleton (D:7)
  6 adders
  8 gnolls
  A shadow imp (D:6)
  An ufetubus (D:4)
  A worm (D:2)
  4 dart slugs
  15 orcs
  8 endoplasms
  2 giant cockroaches
  7 goblins
  9 hobgoblins
  5 jackals
  3 quokkas
  A ball python (D:4)
  8 bats
  5 frilled lizards
  8 kobolds
  3 rats
182 creatures vanquished.

Vanquished Creatures (collateral kills)
  6 killer bees (D:10)
6 creatures vanquished.

Grand Total: 188 creatures vanquished

Notes
Turn   | Place    | Note
-------+----------+-------------------------------------------
     0 | D:1      | belegose the Troll Arcane Marksman began the quest for the
                  | Orb.
     0 | D:1      | Reached XP level 1. HP: 18/18 MP: 1/1
    82 | D:1      | Found a faded altar of an unknown god.
   109 | D:1      | Reached skill level 1 in Fighting
   201 | D:1      | Reached skill level 2 in Throwing
   286 | D:1      | Reached XP level 2. HP: 27/27 MP: 2/2
   303 | D:1      | Reached skill level 1 in Unarmed Combat
   530 | D:1      | Reached XP level 3. HP: 33/33 MP: 3/3
   960 | D:2      | Reached XP level 4. HP: 41/42 MP: 4/4
  2174 | D:4      | Noticed Blork the orc
  2515 | D:4      | Reached skill level 3 in Throwing
  2528 | D:4      | Reached XP level 5. HP: 40/50 MP: 5/5
  2536 | D:4      | Noticed a lemure
  2536 | D:4      | Noticed a lemure
  2536 | D:4      | Noticed a lemure
  2549 | D:3      | Killed a lemure
  2567 | D:3      | Killed a lemure
  2626 | D:4      | Noticed Pikel
  2832 | D:4      | Noticed a lemure
  2847 | D:4      | Killed Pikel
  2848 | D:4      | Reached skill level 4 in Throwing
  2848 | D:4      | Reached XP level 6. HP: 58/62 MP: 6/6
  2848 | D:4      | Reached XP level 7. HP: 63/68 MP: 7/7
  3094 | D:4      | Killed Blork the orc
  3192 | D:5      | Entered Level 5 of the Dungeon
  3250 | D:5      | Reached skill level 1 in Maces & Flails
  3531 | D:5      | Found an ornate altar of the Wu Jian Council.
  3532 | D:5      | Found an iron altar of Okawaru.
  3538 | D:5      | Found an ancient bone altar of Kikubaaqudgha.
  3538 | D:5      | Found a broken altar of Ashenzari.
  3538 | D:5      | Found a shimmering altar of Xom.
  3538 | D:5      | Found a shadowy altar of Dithmenos.
  3541 | D:5      | Found a sacrificial altar of Ru.
  3543 | D:5      | Found a stormy altar of Qazlal.
  3546 | D:5      | Became a worshipper of Ashenzari the Shackled
  3612 | D:5      | Reached skill level 5 in Throwing
  3664 | D:5      | Reached XP level 8. HP: 59/79 MP: 8/8
  4149 | D:6      | Reached skill level 5 in Fighting
  4245 | D:6      | Reached skill level 6 in Throwing
  4403 | D:6      | Found a glowing golden altar of the Shining One.
  4627 | D:6      | Reached XP level 9. HP: 81/88 MP: 9/9
  4770 | D:6      | Found a staircase to the Ecumenical Temple.
  4919 | Temple   | Entered the Ecumenical Temple
  5231 | D:7      | Identified the +6 hunting sling of Zomealel {freeze,
                  | *Corrode rN++}
  5453 | D:7      | Reached skill level 1 in Armour
  5459 | D:7      | Found a white marble altar of Elyvilon.
  5574 | D:7      | Reached skill level 7 in Throwing
  5666 | D:7      | Reached skill level 5 in Unarmed Combat
  5871 | D:8      | Noticed Prince Ribbit
  5889 | D:7      | Killed Prince Ribbit
  6314 | D:8      | Noticed Harold
  6414 | D:9      | Noticed a troll
  6423 | D:9      | Killed a troll
  6708 | D:9      | Reached XP level 10. HP: 100/100 MP: 10/10
  6746 | D:9      | Noticed a two-headed ogre
  6774 | D:9      | Killed a two-headed ogre
  6943 | D:9      | Noticed a two-headed ogre
  6948 | D:9      | Killed a two-headed ogre
  6949 | D:9      | Reached skill level 8 in Throwing
  7042 | D:9      | Identified a scroll of acquirement
  7051 | D:9      | Acquired a manual of Armour
  7222 | D:10     | Entered Level 10 of the Dungeon
  7245 | D:10     | Found Ocimuh's Armour Boutique.
  7279 | D:10     | Found Ojoeh's Armour Shoppe.
  7284 | D:10     | Bought a +2 kite shield for 181 gold pieces
  7355 | D:10     | Found Rusy's Assorted Antiques.
  7364 | D:10     | Bought an embroidered cloak for 225 gold pieces
  7377 | D:10     | Reached * piety under Ashenzari
  7559 | D:10     | Found a staircase to the Orcish Mines.
  7576 | D:10     | Found a radiant altar of Vehumet.
  7594 | D:10     | Found Rurhugeg's General Store.
  7611 | D:10     | Reached skill level 1 in Shields
  7641 | D:10     | Reached skill level 5 in Armour
  7924 | D:10     | HP: 5/104 [something (4)]
  7925 | D:10     | Slain by a vampire

Illustrated notes

Levels and vault maps discovered:
D:1:      dpeg_arrival_subterranean_lakeside_camping, layout_rooms,
          shapermc_ecumenical_altar_mp_highgroup, minmay_tromino_v7
D:2:      layout_rooms
D:3:      wad_pebble_path, layout_basic
D:4:      layout_basic, minmay_bisected, uniq_pikel, uniq_blork_the_orc
D:5:      layout_cave_pools, minitemple, minmay_misc_feat_ornament,
          grunt_decor_resistance
D:6:      layout_basic, nicolae_tso_swordbearing_angel, temple_pool_b,
          chequers_arboretum, minmay_misc_feat_diagonals
D:7:      layout_basic, elyvilon_altar_5, skrybe_limestone_x, bh_walls_and_bars
D:8:      layout_cave_pools, lair_entry_dummy, uniq_prince_ribbit1,
          uniq_maurice, uniq_harold
D:9:      layout_loops_ring
D:10:     wad_woods_minihive, layout_irregular_city, vehumet_crystals,
          eat_drink_and_be_merry_uskayaw, orc_0_dummy, serial_shops,
          nicolae_stop_n_shop_2, nicolae_shop_statue_plus, shop, shop, shop,
          eino_house_with_fridge
Temple:   cyrus_temple_forest

Skill      XL: |  1  2  3  4  5  6  7  8  9 10 |
---------------+-------------------------------+-----
Fighting       | 1 2 3 4 5 6 7 |  7.2
Throwing       | 2 3 4 5 6 7 8 |  8.1
Unarmed Combat | 1 2 4 5 7 |  7.3
Maces & Flails | 2 4 |  4.6
Armour         | 2 5 |  5.2
Shields        | 2 |  2.1
Dodging        | |  1.5
Spellcasting   | |  1.0
Hexes          | |  2.0

Action                   |  1- 3 |  4- 6 |  7- 9 | 10-12 || total
-------------------------+-------+-------+-------+-------++-------
Melee: Unarmed           |   107 |   113 |   333 |    98 ||   651
       Punch             |       |     1 |     4 |       ||     5
 Fire: Hunting sling     |       |       |     5 |       ||     5
Throw: Dart              |       |    10 |     8 |    58 ||    76
       Stone             |       |       |     6 |       ||     6
       Large rock        |       |       |     2 |     8 ||    10
Invok: Curse Item        |       |       |     1 |     1 ||     2
  Use: Potion            |       |       |     4 |     5 ||     9
       Scroll            |       |       |       |     3 ||     3
 Stab: Sleeping          |     3 |       |       |       ||     3
Armor: Robe              |    60 |    31 |    32 |       ||   123
       Steam dragon scal |       |       |    82 |   116 ||   198
Dodge: Dodged            |    43 |    39 |   108 |    79 ||   269
Block: Kite shield       |       |       |       |   110 ||   110
